 Dungeon Crawl Stone Soup version 0.28-a0-664-gc179e30c89 (webtiles) character file.

Game seed: 95219783719370396

290 karkarkar the Chopper (level 6, -16/55 HPs)
             Began as a Minotaur Fighter on Oct 16, 2021.
             Killed from afar by an acid dragon (32 damage)
             ... with a splash of acid
             ... on level 4 of the Dungeon.
             The game lasted 00:06:48 (2830 turns).

karkarkar the Chopper (Minotaur Fighter)            Turns: 2830, Time: 00:06:49

Health: -16/55     AC:  2    Str: 22    XL:     6   Next: 9%
Magic:  5/5        EV:  8    Int:  5    God:
Gold:   74         SH:  8    Dex: 10    Spells: 5/5 levels left

rFire   . . .      SeeInvis .   a - +0 war axe (freeze)
rCold   + . .      Faith    .   k - +0 kite shield
rNeg    . . .      Spirit   .   o - +3 scale mail {rC+}
rPois   .          Reflect  .   (helmet restricted)
rElec   .          Harm     .   (no cloak)
rCorr   .          Rampage  .   (no gloves)
Will    .....                   (no boots)
Stlth   ..........              (no amulet)
HPRegen 0.18/turn               e - ring of flight
MPRegen 0.09/turn               (no ring)

@: corroded, flying, hasted, very quick
A: horns 2, retaliatory headbutt
a: no special abilities


You were on level 4 of the Dungeon.
You visited 1 branch of the dungeon, and saw 4 of its levels.

You collected 74 gold pieces.

Inventory:

Hand Weapons
 a - a +0 war axe of freezing (weapon)
 b - a +0 vorpal hand axe
Missiles
 j - 2 javelins (quivered)
Armour
 k - a +0 kite shield (worn)
 o - a +3 scale mail of cold resistance (worn)
Jewellery
 e - a ring of flight (left hand)
Wands
 l - a wand of polymorph (7)
Scrolls
 q - a scroll of noise {unknown}
 r - a scroll of enchant armour {unknown}
Potions
 c - a potion of curing {unknown}
 d - 2 potions of might
 f - a potion of magic {unknown}
 g - a potion of ambrosia {unknown}
 h - 2 potions of haste
 i - a potion of cancellation {unknown}
 n - a potion of berserk rage {unknown}
 p - a potion of invisibility {unknown}


   Skills:
 + Level 4.8 Fighting
 + Level 5.4 Axes
 + Level 2.0 Throwing
 - Level 3.9 Armour
 - Level 0.8 Dodging
 + Level 0.9 Stealth
 + Level 4.4 Shields


You had 5 spell levels left.
You didn't know any spells.
Your spell library contained the following spells:

 Spells                   Type           Power      Damage    Failure   Level
 Scorch                   Fire           0%         2d5       100%        2
 Flame Wave               Conj/Fire      0%         3d3       100%        4
 Summon Cactus Giant      Summ           0%         N/A       100%        6


Dungeon Overview and Level Annotations

Branches:
Dungeon (4/15)
 Temple: D:4-7

Altars:
Cheibriados
Trog


Innate Abilities, Weirdness & Mutations

You have a pair of horns on your head.
You reflexively headbutt those who attack you in melee.


Message History

You slash the giant cockroach! You freeze the giant cockroach.
You kill the giant cockroach!
No target in view!
No target in view!
You now have 62 gold pieces (gained 7).
You now have 74 gold pieces (gained 12).
A water moccasin comes into view.
The water moccasin hisses angrily.
You hear an angry hiss.
You feel yourself speed up.
The water moccasin evaporates and reforms as an acid dragon!
You throw a javelin.
The javelin barely misses the acid dragon.
You throw a javelin.
The javelin barely misses the acid dragon.
The acid dragon spits acid at you. The splash of acid hits you.
You block the acid dragon's attack.
The acid dragon claws you but does no damage.
You hit the acid dragon but do no damage.
The acid dragon bites you. The acid dragon claws you.
Your scale mail prevents you from hitting the acid dragon.
The acid dragon bites you! You block the acid dragon's attack.
You closely miss the acid dragon. The acid dragon spits acid at you.
The splash of acid hits you! The acid corrodes you!
You hit the acid dragon. You freeze the acid dragon.
The acid dragon is lightly wounded.
The acid dragon barely misses you. You furiously retaliate!
You headbutt the acid dragon, but do no damage.
You block the acid dragon's attack.
You hit the acid dragon but do no damage.
Your headbutt misses the acid dragon.
The acid dragon is lightly wounded.
The acid dragon spits acid at you. The splash of acid hits you!
* * * LOW HITPOINT WARNING * * *
The acid corrodes you! The acid dragon spits acid at you.
The splash of acid hits you!!
Ouch! That really hurt!
You die...

### ###.##
######....######################
#...##.........@...D.......(....
##...........###################
###...####### #...# ##..# #..#
#..# #..# #..#


You could see an acid dragon (catching breath).

Vanquished Creatures
  A water moccasin skeleton (D:4)
  A hound (D:4)
  An iron imp (D:4)
  Terence (D:3)
  An iguana (D:2)
  An orc wizard (D:4)
  4 adders
  3 dart slugs
  5 orcs
  A bat (D:3)
  6 endoplasms
  4 giant cockroaches
  4 goblins
  6 hobgoblins
  7 kobolds
  3 quokkas
  3 ball pythons (D:3)
  6 frilled lizards
  5 rats
63 creatures vanquished.

Vanquished Creatures (others)
  2 plants (D:1)
2 creatures vanquished.

Grand Total: 65 creatures vanquished

Notes
Turn   | Place    | Note
-------+----------+-------------------------------------------
     0 | D:1      | karkarkar the Minotaur Fighter began the quest for the Orb.
     0 | D:1      | Reached XP level 1. HP: 19/19 MP: 0/0
   304 | D:1      | Reached XP level 2. HP: 26/26 MP: 1/1
   545 | D:1      | Reached skill level 3 in Axes
   864 | D:2      | Reached XP level 3. HP: 33/33 MP: 2/2
  1341 | D:3      | Found a faded altar of an unknown god.
  1464 | D:3      | Reached XP level 4. HP: 36/40 MP: 3/3
  1529 | D:3      | Reached skill level 4 in Axes
  1547 | D:3      | Noticed Terence
  1551 | D:3      | Killed Terence
  2021 | D:2      | Reached XP level 5. HP: 12/47 MP: 4/4
  2025 | D:2      | Reached skill level 1 in Throwing
  2383 | D:4      | Reached skill level 5 in Axes
  2429 | D:4      | Found a snail-covered altar of Cheibriados.
  2468 | D:4      | Reached XP level 6. HP: 21/55 MP: 5/5
  2673 | D:4      | Found a bloodstained altar of Trog.
  2802 | D:4      | Noticed a water moccasin
  2818 | D:4      | Noticed an acid dragon
  2818 | D:4      | a water moccasin changed into an acid dragon
  2830 | D:4      | Killed from afar by an acid dragon

Illustrated notes

Levels and vault maps discovered:
D:1:      saegor_arrival_simple_a, layout_basic, serial_bayou_ford_a
D:2:      layout_loops_ring
D:3:      layout_rooms, serial_glass, glass_columns_a, glass_columns_b,
          shapermc_ecumenical_altar_pompeii, minmay_misc_feat_plants,
          uniq_terence
D:4:      layout_cave_pods, overflow_temple_1_default, slow_altar_1,
          grunt_ministairs_1

Skill      XL: |  1  2  3  4  5 |
---------------+----------------+-----
Axes           | 3 4 5 |  5.4
Shields        | 4 |  4.4
Fighting       | 4 |  4.8
Throwing       | 2 |  2.0
Armour         | |  3.9
Dodging        | |  0.8
Stealth        | |  0.9

Action                   |  1- 3 |  4- 6 || total
-------------------------+-------+-------++-------
Melee: War axe           |    71 |    38 ||   109
       Headbutt          |    12 |     8 ||    20
       Hand axe          |       |    39 ||    39
Throw: Javelin           |    10 |    21 ||    31
Evoke: Wand              |       |     1 ||     1
  Use: Scroll            |     2 |     1 ||     3
       Potion            |       |     2 ||     2
Armor: Scale mail        |    31 |    49 ||    80
Dodge: Dodged            |    31 |    30 ||    61
Block: Buckler           |    12 |       ||    12
       Kite shield       |     4 |    34 ||    38

Table legend: (Time is in decaauts)
 A = Elapsed time spent in this place.
 B = Non-inter-level travel time spent in this place.
 C = Inter-level travel time spent in this place.
 D = Time resting spent in this place.
 E = Time spent auto-exploring this place.
 F = Levels seen in this place.
 G = Mean time per level.
                   A        B        C        D        E       F      G
               +--------+--------+--------+--------+--------+-----+--------+
         Total |   2883 |   2827 |     56 |    498 |   1754 |   4 |  720.8 |
       Dungeon |   2883 |   2827 |     56 |    498 |   1754 |   4 |  720.8 |
               +--------+--------+--------+--------+--------+-----+--------+

Top non-repeatable levels by time:
     D:2: 823 daAuts
     D:3: 804 daAuts
     D:1: 790 daAuts
     D:4: 464 daAuts
